[Event "Titled Tuesday Blitz April 18 Early 2023"]
[White "Kuchava, Ana"]
[Black "Koutsin, Sergey"]
[WhiteFideId "13605348"]
[BlackFideId "14101483"]
[WhiteElo "2001"]
[BlackElo "2381"]
[Result "0-1"]
[Round "05"]
[TimeControl "180+2"]
[Date "2023.04.18"]
[WhiteClock "0:00:01"]
[BlackClock "0:00:52"]

1. d4 Nf6 2. Nf3 b6 3. c4 Bb7 4. Nc3 e6 5. d5 Bb4 6. dxe6 fxe6 7. Bg5 O-O 8. e3 Bxc3+ 9. bxc3 Na6 10. Be2 Nc5 11. O-O Qe8 12. Ne5 Nfe4 13. Bf4 Nxc3 14. Qc2 Nxe2+ 15. Qxe2 d6 16. Nd3 Qg6 17. Ne1 e5 18. Bg3 Rae8 19. Qc2 Be4 20. Qc3 a5 21. f3 Bf5 22. e4 Be6 23. Bf2 Nd7 24. Nd3 Qf7 25. Rac1 h6 26. Kh1 Kh7 27. Nb2 Qe7 28. Be3 g5 29. Qe1 Nf6 30. Qg3 Nh5 31. Qe1 Rf7 32. Nd3 Rg8 33. Qd2 Rfg7 34. Nf2 Qf7 35. Ng4 Bxc4 36. Rf2 Be6 37. Rc6 Qg6 0-1


[Site "https://www.chess.com"]

[Event "Titled Tuesday Blitz April 18 Early 2023"]
[White "Chirivi C, Jenny Astrid"]
[Black "Begunov, Konstantin"]
[WhiteFideId "4403061"]
[BlackFideId "4118510"]
[WhiteElo "2001"]
[BlackElo "2087"]
[Result "0-1"]
[Round "05"]
[TimeControl "180+2"]
[Date "2023.04.18"]
[WhiteClock "0:00:02"]
[BlackClock "0:00:17"]

1. d4 d5 2. c4 c6 3. Nf3 Nf6 4. Qc2 Bg4 5. Nbd2 e6 6. g3 Nbd7 7. Bg2 Bd6 8. O-O Bf5 9. Qb3 Rb8 10. Qa4 a6 11. Nh4 Bg4 12. h3 Bh5 13. e4 dxe4 14. Nxe4 Nxe4 15. Bxe4 Be7 16. Bf4 Rc8 17. Ng2 Nf6 18. Qc2 Qxd4 19. Rfe1 Nxe4 20. Rxe4 Qb6 21. Ree1 Bg6 22. Qc3 O-O 23. Red1 Rfd8 24. Ne3 Bb4 25. Qb3 Bc5 26. Qxb6 Bxb6 27. Ng4 f6 28. Be3 Bc7 29. Bc5 h5 30. Ne3 Kf7 31. Rac1 Be4 32. Ng2 Bf3 33. Re1 Rd2 34. Nh4 Be2 35. Bb4 Rxb2 36. Bc3 Rxa2 37. Rb1 b5 38. c5 a5 39. Rb2 Rxb2 40. Bxb2 Bc4 41. Nf3 Rd8 42. Bc3 b4 43. Bb2 Rd3 44. Nh4 a4 45. Ng2 a3 46. Bc1 b3 0-1


[Site "https://www.chess.com"]

[Event "Titled Tuesday Blitz April 18 Early 2023"]
[White "Ciuffoletti, Paolo"]
[Black "Petrova, Irina"]
[WhiteFideId "807630"]
[BlackFideId "14124122"]
[WhiteElo "2143"]
[BlackElo "2084"]
[Result "0-1"]
[Round "05"]
[TimeControl "180+2"]
[Date "2023.04.18"]
[WhiteClock "0:00:28"]
[BlackClock "0:00:37"]

1. e4 d6 2. d4 Nf6 3. Nc3 e5 4. dxe5 dxe5 5. Qxd8+ Kxd8 6. Bg5 Be6 7. O-O-O+ Nd7 8. f4 exf4 9. Nge2 Kc8 10. Nxf4 Bb4 11. Nxe6 fxe6 12. Nb5 Nxe4 13. Bh4 a6 14. Nd4 g5 15. Be1 Bc5 16. Nxe6 Be3+ 17. Kb1 Re8 18. Bc4 Ndc5 19. Nxc5 Bxc5 20. Bd5 Nf6 21. Bg3 c6 22. Bb3 Ne4 23. Rhe1 b5 24. Bf7 Re7 25. Bh5 Kb7 26. Bf3 Nxg3 27. Rxe7+ Bxe7 28. Rd7+ Kb6 29. Rxe7 Nf5 30. Re6 Nd4 31. Re7 Rd8 32. Be4 Nf5 33. c3 Nxe7 0-1


[Site "https://www.chess.com"]

[Event "Titled Tuesday Blitz April 18 Early 2023"]
[White "Khromkin, Andrey"]
[Black "Sailer, Mike"]
[WhiteFideId "4154126"]
[BlackFideId "2012901"]
[WhiteElo "2388"]
[BlackElo "2109"]
[Result "0-1"]
[Round "05"]
[TimeControl "180+2"]
[Date "2023.04.18"]
[WhiteClock "0:00:02"]
[BlackClock "0:00:04"]

1. d4 d5 2. c4 Bf5 3. cxd5 Bxb1 4. Qa4+ Qd7 5. Qxd7+ Nxd7 6. Rxb1 Ngf6 7. f3 Nxd5 8. a3 e6 9. e4 N5b6 10. Ne2 O-O-O 11. Nc3 a6 12. Be3 c5 13. Rc1 Kb8 14. Kf2 cxd4 15. Bxd4 Bc5 16. Bxc5 Nxc5 17. Be2 Rd2 18. Ke3 Rxb2 19. Rb1 Rxb1 20. Rxb1 Ka7 21. Rb4 Rc8 22. h4 e5 23. Nd5 Nxd5+ 24. exd5 f5 25. f4 Re8 26. fxe5 Rxe5+ 27. Kd4 Nd7 28. Bf3 g6 29. Rb2 Re1 30. Rc2 Kb8 31. d6 Re8 32. Rc7 Rd8 33. Rxb7+ Kc8 34. Rc7+ Kb8 35. Kd5 Nf6+ 36. Kc6 Ne4 37. Bxe4 fxe4 38. Re7 Rc8+ 39. Kd5 Rc3 40. Re8+ Kb7 41. d7 Rd3+ 42. Ke6 e3 43. Kf6 Rxd7 44. Rxe3 Rd6+ 45. Kg5 Rd7 46. Kh6 Rc7 47. g4 Rc4 48. Rg3 Rc7 49. g5 Kb6 50. Rf3 Kb5 51. Rf6 a5 52. Rf4 a4 53. Rb4+ Ka5 54. h5 gxh5 55. Kxh5 Rd7 56. Kh6 Rc7 57. Rf4 Rd7 58. Rf5+ Kb6 0-1


[Site "https://www.chess.com"]

[Event "Titled Tuesday Blitz April 18 Early 2023"]
[White "Manon-og, Ramon Jr."]
[Black "Tuleyeva-Aketayeva, Dana"]
[WhiteFideId "5200776"]
[BlackFideId "13701932"]
[WhiteElo "2384"]
[BlackElo "2030"]
[Result "1-0"]
[Round "05"]
[TimeControl "180+2"]
[Date "2023.04.18"]
[WhiteClock "0:01:30"]
[BlackClock "0:00:01"]

1. e4 c5 2. Nf3 Nc6 3. Bb5 g6 4. c3 Bg7 5. O-O Nf6 6. Qe2 O-O 7. Re1 d6 8. h3 Nd7 9. d3 Qb6 10. Ba4 Rb8 11. Nbd2 Qc7 12. Nf1 b5 13. Bb3 Na5 14. Bc2 Ba6 15. Ng3 b4 16. c4 Bb7 17. Ba4 Bc6 18. Bxc6 Qxc6 19. Bg5 Rfe8 20. Rad1 Ne5 21. b3 Nxf3+ 22. Qxf3 Qa6 23. e5 dxe5 24. Ne4 Nc6 25. Nxc5 Qb6 26. Nd7 Nd4 27. Qg3 Nf5 28. Qg4 h5 29. Qe2 Nd4 30. Qb2 Qe6 31. Nxb8 Rxb8 32. Bxe7 Qf5 33. Bc5 Rd8 34. Bxa7 Qg5 35. Bxd4 Rxd4 36. Re4 Rxe4 37. dxe4 Qf4 38. Qe2 Bf6 39. c5 Qg5 40. c6 Be7 41. c7 1-0


[Site "https://www.chess.com"]

[Event "Titled Tuesday Blitz April 18 Early 2023"]
[White "LeoLV10"]
[Black "Sandholm, Klas"]
[BlackFideId "510203"]
[WhiteElo "2383"]
[BlackElo "2137"]
[Result "1-0"]
[Round "05"]
[TimeControl "180+2"]
[Date "2023.04.18"]
[WhiteClock "0:00:13"]
[BlackClock "0:00:16"]

1. e4 e5 2. Nf3 d5 3. Nxe5 Bd6 4. d4 dxe4 5. Nc4 Nf6 6. Nxd6+ Qxd6 7. Be2 Nc6 8. c3 Bf5 9. Nd2 O-O-O 10. Nc4 Qd7 11. a4 h6 12. b4 g5 13. Be3 Nd5 14. Qb3 Nf4 15. Bf1 Nd3+ 16. Bxd3 exd3 17. b5 Ne7 18. O-O Qd5 19. a5 f6 20. b6 cxb6 21. axb6 a6 22. Ra5 Qd7 23. Rc5+ Kb8 24. Na5 Rc8 25. Rxc8+ Rxc8 26. c4 Nc6 27. Nxc6+ Qxc6 28. c5 Rd8 29. Qf7 Bg4 30. Qe7 Re8 31. Qf7 Qe6 32. Qc7+ Ka8 33. h3 Be2 34. Ra1 Qc4 35. c6 Rb8 36. cxb7+ Rxb7 37. Qxc4 1-0


[Site "https://www.chess.com"]

[Event "Titled Tuesday Blitz April 18 Early 2023"]
[White "Gonzalez Zamora, Juan Carlos"]
[Black "Tarnowska, Aleksandra"]
[WhiteFideId "3507548"]
[BlackFideId "1180967"]
[WhiteElo "2535"]
[BlackElo "1776"]
[Result "1-0"]
[Round "05"]
[TimeControl "180+2"]
[Date "2023.04.18"]
[WhiteClock "0:01:20"]
[BlackClock "0:00:02"]

1. e4 c5 2. Nf3 e6 3. d4 cxd4 4. Nxd4 a6 5. Bd3 Bc5 6. Nb3 Be7 7. Qg4 g6 8. Qe2 d6 9. O-O Qc7 10. a4 b6 11. N1d2 Bb7 12. Nc4 Nd7 13. Kh1 h5 14. f4 Ngf6 15. e5 Ng4 16. exd6 Bxd6 17. Bxg6 O-O-O 18. Bxf7 e5 19. Be6 exf4 20. Nxd6+ Qxd6 21. Bxf4 Qc6 22. Nd4 Qc5 23. c3 Rhe8 24. b4 Qf8 25. Qc4+ 1-0


[Site "https://www.chess.com"]

[Event "Titled Tuesday Blitz April 18 Early 2023"]
[White "Leve, Nitai"]
[Black "Osuna Vega, Enrique"]
[WhiteFideId "2006898"]
[BlackFideId "2219549"]
[WhiteElo "2144"]
[BlackElo "2129"]
[Result "1-0"]
[Round "05"]
[TimeControl "180+2"]
[Date "2023.04.18"]
[WhiteClock "0:00:03"]
[BlackClock "0:00:01"]

1. e4 d6 2. d4 Nf6 3. Nc3 e5 4. dxe5 dxe5 5. Qxd8+ Kxd8 6. Bg5 Be6 7. O-O-O+ Nd7 8. Nge2 Kc8 9. g3 c6 10. f4 Ng4 11. h3 Nf2 12. Bg2 Nxh1 13. Bxh1 f6 14. f5 Bc4 15. Be3 Bxe2 16. Nxe2 Bc5 17. Bxc5 Nxc5 18. b4 Na6 19. a3 Rd8 20. Rg1 Kc7 21. g4 h6 22. h4 Rh8 23. Bf3 Rad8 24. g5 hxg5 25. hxg5 Rh3 26. Bg4 Re3 27. Ng3 Nb8 28. Nh5 fxg5 29. Nxg7 Rh8 30. f6 Rxe4 31. Bf5 Rf4 32. Rxg5 Kd6 33. f7 Rf8 34. Bg6 Rf1+ 35. Kb2 Nd7 36. Bh5 R8xf7 37. Bxf7 Rxf7 38. Nf5+ Ke6 39. Ng3 Nb6 40. Kb3 Nd5 41. Ne4 Rf4 42. Nc5+ Kf6 43. Rg8 b6 44. Na6 Rf3+ 45. Kb2 e4 46. a4 e3 47. Rf8+ Ke5 48. Rxf3 Ke4 49. Rf8 Nf4 50. Re8+ Kf3 51. Nb8 Nd5 52. Nxc6 1-0


[Site "https://www.chess.com"]

[Event "Titled Tuesday Blitz April 18 Early 2023"]
[White "Marcziter, Dmitrii"]
[Black "Necula, Iulian"]
[WhiteFideId "13900765"]
[BlackFideId "1232380"]
[WhiteElo "2162"]
[BlackElo "1790"]
[Result "1-0"]
[Round "05"]
[TimeControl "180+2"]
[Date "2023.04.18"]
[WhiteClock "0:01:12"]
[BlackClock "0:00:01"]

1. d4 d6 2. e4 Nf6 3. Nc3 e5 4. Nf3 Nbd7 5. Bc4 Be7 6. g4 h6 7. Rg1 Nb6 8. Be2 Bxg4 9. h3 Bxf3 10. Bxf3 g5 11. h4 Rg8 12. hxg5 hxg5 13. Rxg5 Rxg5 14. Bxg5 Ng8 15. Be3 Nc4 16. Bc1 Bg5 17. Nd5 c6 18. Bxg5 Qxg5 19. Nc7+ Kd7 20. Nxa8 exd4 21. Ke2 Nf6 22. b3 Ne5 23. Qg1 Qf4 24. Qg3 Ng6 25. Qxf4 Nxf4+ 26. Kd2 d5 27. exd5 N6xd5 28. Rh1 Ng6 29. Bxd5 cxd5 30. Rh7 Ke6 31. Nc7+ Kf6 32. Nxd5+ Ke5 33. Nb4 a5 34. Nd3+ Kf6 35. a4 Ne7 36. Rh6+ Kg7 37. Rh5 b6 38. Rb5 1-0


[Site "https://www.chess.com"]

[Event "Titled Tuesday Blitz April 18 Early 2023"]
[White "Szyszylo, Rafal"]
[Black "Flis, Pawel"]
[WhiteFideId "1109626"]
[BlackFideId "1112864"]
[WhiteElo "1951"]
[BlackElo "1822"]
[Result "1/2-1/2"]
[Round "05"]
[TimeControl "180+2"]
[Date "2023.04.18"]
[WhiteClock "0:00:08"]
[BlackClock "0:00:17"]

1. e4 c5 2. Nf3 d6 3. d4 Nf6 4. Nc3 cxd4 5. Nxd4 a6 6. Bc4 e6 7. Bb3 b5 8. O-O Be7 9. Re1 O-O 10. a3 Bb7 11. f4 Nc6 12. Be3 Nxd4 13. Bxd4 Qc7 14. Qf3 e5 15. Be3 exf4 16. Bxf4 Rfe8 17. Rad1 Rad8 18. Kh1 Qc8 19. h3 Bc6 20. Bg5 a5 21. Bxf6 Bxf6 22. Nd5 Bxd5 23. Bxd5 Qxc2 24. b3 Qc3 25. Re3 Qe5 26. Rf1 Re7 27. a4 bxa4 28. bxa4 Rb8 29. Rc1 h6 30. Re2 Bg5 31. Rf1 Bf6 32. Rc2 Kh7 33. Qg4 Qg5 34. Qf3 Qe5 35. Rcf2 Rb4 36. Bc6 Rb2 37. Rxb2 Qxb2 38. Bd5 Qe5 39. Qb3 Rc7 40. Bxf7 Rc3 41. Qe6 Qxe6 42. Bxe6 Kg6 43. Bf5+ Kg5 44. Rd1 Be5 45. Rf1 Rc4 46. Bd7 Rxe4 47. Rf5+ Kg6 48. Rf1 Kg5 49. Be8 Rf4 50. Rd1 Kf6 51. Bc6 Ke7 52. g3 Rd4 53. Rxd4 Bxd4 54. Kg2 Kf6 55. Kf3 Ke5 56. g4 Bc5 57. Bb5 g5 58. Bd3 Bb4 59. Bf5 d5 60. Ke3 Bc3 61. Kd3 d4 62. Be4 Bb4 63. Bf5 Bd6 64. Be4 Kf4 65. Bg2 Kg3 66. Bf1 Be5 67. Ke2 Kh2 68. Kf3 Kg1 69. Bd3 Bf4 70. Be2 Be3 71. Bd3 Kh2 72. Bf1 Bf4 73. Kf2 Be3+ 74. Kf3 Bf4 75. Kf2 d3 76. Bxd3 Kxh3 77. Bf5 Kh4 78. Kf3 h5 79. gxh5 Kxh5 80. Bg4+ Kh4 81. Bf5 Bd2 82. Bg4 Bf4 83. Bf5 Bd2 84. Bg4 Bf4 1/2-1/2


[Site "https://www.chess.com"]

[Event "Titled Tuesday Blitz April 18 Early 2023"]
[White "Hartikainen, Jarmo"]
[Black "Ansh M Shah"]
[WhiteFideId "503134"]
[BlackFideId "25033379"]
[WhiteElo "2109"]
[BlackElo "2084"]
[Result "0-1"]
[Round "05"]
[TimeControl "180+2"]
[Date "2023.04.18"]
[WhiteClock "0:00:01"]
[BlackClock "0:00:13"]

1. e4 c6 2. d4 d5 3. Nc3 dxe4 4. Nxe4 Bf5 5. Ng3 Bg6 6. h4 h6 7. Bc4 Nf6 8. N1e2 e6 9. Nf4 Bh7 10. O-O Bd6 11. Nxe6 fxe6 12. Bxe6 Qc7 13. Nh5 Nbd7 14. Nxg7+ Kd8 15. Bh3 Nf8 16. Bxh6 Bxc2 17. Qxc2 Rxh6 18. Nf5 Rh5 19. Rfe1 a5 20. Re2 a4 21. Rae1 Ra5 22. g4 Raxf5 23. gxf5 Rxh4 24. Qd3 Qh7 25. Bg2 Bh2+ 26. Kf1 Bf4 27. Re5 N8d7 28. Qd1 Bxe5 29. dxe5 Nd5 0-1


[Site "https://www.chess.com"]

[Event "Titled Tuesday Blitz April 18 Early 2023"]
[White "Kula, Robert"]
[Black "guillan"]
[WhiteFideId "1101218"]
[WhiteElo "2180"]
[BlackElo "2045"]
[Result "1-0"]
[Round "05"]
[TimeControl "180+2"]
[Date "2023.04.18"]
[WhiteClock "0:00:22"]
[BlackClock "0:00:01"]

1. d4 d5 2. c4 c6 3. Nc3 Nf6 4. Nf3 e6 5. e3 Nbd7 6. Bd3 Be7 7. O-O O-O 8. a3 a6 9. c5 Re8 10. b4 Bf8 11. Qc2 e5 12. dxe5 Nxe5 13. Nxe5 Rxe5 14. Bb2 h6 15. Na4 Rh5 16. Be2 Bg4 17. f3 Bf5 18. Qc3 Qc7 19. g3 Nh7 20. Rf2 Rg5 21. f4 Rg6 22. Rd1 Re6 23. Qb3 Rae8 24. Bd4 Nf6 25. Bf3 Ne4 26. Bxe4 Bxe4 27. Qb2 Rg6 28. Nc3 Qd7 29. Be5 Qh3 30. Nxe4 dxe4 31. Rg2 h5 32. Qe2 h4 33. g4 Rge6 34. Bd4 f6 35. Qf2 Be7 36. f5 Re5 37. Bxe5 fxe5 38. Rd7 Bf6 39. Qd2 a5 40. Qf2 Bg5 41. Qa2+ Kh8 42. Qf7 Bxe3+ 43. Kh1 Rg8 44. Qh5+ Bh6 45. f6 Rf8 46. fxg7+ 1-0


[Site "https://www.chess.com"]

[Event "Titled Tuesday Blitz April 18 Early 2023"]
[White "Sanchez, Robert"]
[Black "Hoffmann, Asa"]
[WhiteFideId "2034360"]
[BlackFideId "2001470"]
[WhiteElo "1971"]
[BlackElo "2117"]
[Result "0-1"]
[Round "05"]
[TimeControl "180+2"]
[Date "2023.04.18"]
[WhiteClock "0:00:36"]
[BlackClock "0:00:12"]

1. e4 d6 2. d4 Nf6 3. Bd3 e5 4. c3 Nc6 5. Nf3 Bg4 6. d5 Ne7 7. h3 Bxf3 8. Qxf3 Ng6 9. g3 Be7 10. h4 O-O 11. h5 Nh8 12. c4 h6 13. Nc3 Nh7 14. Qg4 Qc8 15. Qf3 Bg5 16. Be3 a6 17. O-O-O b5 18. c5 dxc5 19. Kb1 c4 20. Be2 Bxe3 21. Qxe3 Qd7 22. d6 cxd6 23. Nd5 Rab8 24. f4 f6 25. Rh4 Nf7 26. Bg4 Qd8 27. Bf5 Kh8 28. Qf3 Nfg5 29. Qg4 b4 30. fxg5 fxg5 31. Rhh1 c3 32. Qe2 Nf6 33. Nxf6 Rxf6 34. Qxa6 d5 35. Qd3 d4 36. Qc4 Qb6 37. Qd5 Rc6 38. Rc1 Ra8 39. Rhd1 Qa6 40. Qb3 Rc5 41. Be6 Ra5 42. Bd5 Ra7 43. Qxb4 Rb5 44. Qc4 Rxb2+ 45. Ka1 Qb6 0-1


[Site "https://www.chess.com"]

[Event "Titled Tuesday Blitz April 18 Early 2023"]
[White "Buscar, Michael"]
[Black "Vargas, Mauricio"]
[WhiteFideId "2603616"]
[BlackFideId "4404572"]
[WhiteElo "2010"]
[BlackElo "1998"]
[Result "1-0"]
[Round "05"]
[TimeControl "180+2"]
[Date "2023.04.18"]
[WhiteClock "0:00:44"]
[BlackClock "0:00:04"]

1. Nf3 Nc6 2. b3 e5 3. Bb2 d6 4. e3 f5 5. c4 Nf6 6. d3 g6 7. Be2 Bg7 8. Nbd2 O-O 9. O-O Qe8 10. a3 h6 11. b4 g5 12. Ne1 g4 13. Nc2 Rf7 14. b5 Ne7 15. Nb4 Kh7 16. Qc2 Kh8 17. a4 h5 18. c5 Be6 19. cxd6 cxd6 20. Qc7 Qd7 21. Rfc1 Rc8 22. Qxd7 Bxd7 23. Rxc8+ Nxc8 24. Rc1 Rf8 25. Rc7 Rd8 26. Rxb7 Bf8 27. Nc6 Bxc6 28. bxc6 Re8 29. d4 Nd5 30. Nc4 e4 31. Na3 f4 32. Bc4 Ndb6 33. Bf7 Re7 34. d5+ 1-0


[Site "https://www.chess.com"]

[Event "Titled Tuesday Blitz April 18 Early 2023"]
[White "Semenova, Alina"]
[Black "mohsengabr2002"]
[WhiteFideId "24113875"]
[WhiteElo "1833"]
[BlackElo "2357"]
[Result "0-1"]
[Round "05"]
[TimeControl "180+2"]
[Date "2023.04.18"]
[WhiteClock "0:00:09"]
[BlackClock "0:00:55"]

1. e4 c5 2. Nf3 d6 3. d4 cxd4 4. Nxd4 a6 5. Nc3 e5 6. Nb3 Nd7 7. Be3 Qc7 8. Nd5 Qd8 9. Qd2 Ne7 10. O-O-O Nxd5 11. exd5 Be7 12. f4 exf4 13. Bxf4 O-O 14. g3 b5 15. Bg2 Nb6 16. Nd4 Nc4 17. Qd3 Bf6 18. c3 Bg4 19. Nc6 Qb6 20. Rde1 Nxb2 21. Kxb2 b4 22. Nxb4 Qxb4+ 23. Kc2 Bxc3 24. Rb1 Qa4+ 25. Kxc3 Qxa2 26. Rb4 Qxg2 27. Re1 Rac8+ 28. Kd4 Qf2+ 29. Re3 Rfe8 30. Rc4 Rb8 31. Bxd6 Rbd8 32. Rc6 Qf6+ 33. Be5 Qxc6 34. Bxg7 Rxd5# 0-1


[Site "https://www.chess.com"]

[Event "Titled Tuesday Blitz April 18 Early 2023"]
[White "Prado, Alexandra"]
[Black "Pavlidou, Ekaterini"]
[WhiteFideId "3301346"]
[BlackFideId "4213262"]
[WhiteElo "1759"]
[BlackElo "2126"]
[Result "0-1"]
[Round "05"]
[TimeControl "180+2"]
[Date "2023.04.18"]
[WhiteClock "0:00:02"]
[BlackClock "0:01:04"]

1. e4 c5 2. Nc3 Nc6 3. g3 g6 4. Bg2 Bg7 5. d3 d6 6. Nf3 Nf6 7. O-O O-O 8. h3 Nd7 9. Be3 Nd4 10. Qd2 a6 11. a4 Rb8 12. Rab1 b5 13. axb5 axb5 14. Ne2 e5 15. Nfxd4 cxd4 16. Bh6 Nc5 17. Bxg7 Kxg7 18. f4 f6 19. f5 b4 20. fxg6 hxg6 21. g4 Be6 22. Ng3 Qe7 23. Bf3 Rh8 24. Bg2 b3 25. c3 Na4 26. cxd4 Qa7 27. Qf2 Qxd4 28. Qxd4 exd4 29. Ne2 Rb4 30. Rfc1 Nc5 31. Rd1 Bc8 32. Bf1 Ba6 33. Nf4 Bb7 34. Ra1 Ra8 35. Rxa8 Bxa8 36. Ra1 Ra4 37. Rc1 Ra2 38. Rb1 Na4 39. Ne2 d5 40. Nxd4 dxe4 41. dxe4 Bxe4 42. Rc1 Rxb2 43. Rc7+ Kh6 44. Bc4 Rb1+ 45. Kf2 b2 46. Ne6 Rc1 0-1


[Site "https://www.chess.com"]

[Event "Titled Tuesday Blitz April 18 Early 2023"]
[White "Erzhanov, Arman"]
[Black "Butolo, Alexandru-Mircea"]
[WhiteFideId "4138821"]
[BlackFideId "1261649"]
[WhiteElo "2138"]
[BlackElo "1861"]
[Result "1-0"]
[Round "05"]
[TimeControl "180+2"]
[Date "2023.04.18"]
[WhiteClock "0:02:23"]
[BlackClock "0:01:32"]

1. e4 c5 2. Nf3 Nc6 3. Bb5 e5 4. O-O Bd6 5. Re1 Nge7 6. d3 O-O 7. c3 a6 8. Ba4 b5 9. Bc2 Ng6 10. Nbd2 Bc7 11. Nf1 d5 12. Qe2 d4 13. Ng3 Bg4 14. h3 Be6 15. Ng5 Bc8 16. Bb3 Nf4 17. Bxf4 exf4 18. Qh5 h6 19. Nxf7 1-0


[Site "https://www.chess.com"]

[Event "Titled Tuesday Blitz April 18 Early 2023"]
[White "Yanayt, Eugene"]
[Black "Pourkashiyan, Atousa"]
[WhiteFideId "2020165"]
[BlackFideId "12502014"]
[WhiteElo "2083"]
[BlackElo "2228"]
[Result "0-1"]
[Round "05"]
[TimeControl "180+2"]
[Date "2023.04.18"]
[WhiteClock "0:00:16"]
[BlackClock "0:00:19"]

1. e4 c5 2. Nc3 e6 3. d3 a6 4. g4 b5 5. g5 Bb7 6. Bg2 Nc6 7. f4 b4 8. Nce2 d5 9. h4 dxe4 10. Bxe4 Nge7 11. Ng3 Qc7 12. Qf3 Nd4 13. Qg2 Bxe4 14. Nxe4 Nd5 15. Nh3 Be7 16. c3 bxc3 17. bxc3 Qa5 18. O-O Nf5 19. Qd2 Nxh4 20. Rb1 Nf5 21. Rb7 O-O 22. Nhf2 Rab8 23. Rb3 Rfd8 24. Ng4 Nb6 25. Qg2 c4 26. dxc4 Nxc4 27. Nh6+ Kf8 28. Nxf5 Qxf5 29. Ng3 Qc5+ 30. Kh2 Ne3 31. Bxe3 Qxe3 32. f5 Bd6 33. fxe6 Qxe6 34. Kh1 Rxb3 35. axb3 Bxg3 36. Qxg3 Qxb3 37. Qc7 Qd5+ 38. Kg1 Qxg5+ 39. Kh1 Qd5+ 40. Kg1 Qd7 41. Qc5+ Kg8 42. Qf2 h6 43. c4 Qd4 44. c5 Qxf2+ 45. Rxf2 Rc8 46. Rc2 Kf8 47. Kf2 Ke7 48. Ke3 Kd7 49. Kd4 Kc6 50. Ra2 Ra8 51. Kc4 a5 52. Ra4 h5 53. Ra3 a4 54. Rf3 f6 55. Rd3 a3 56. Rd6+ Kc7 57. Re6 a2 58. Kb5 Rb8+ 59. Kc4 a1=Q 60. Re7+ Kd8 61. Rxg7 Qa2+ 62. Kd4 Rb4+ 63. Kc3 Qa3+ 64. Kc2 Rb2+ 65. Kc1 Qa1# 0-1


[Site "https://www.chess.com"]

[Event "Titled Tuesday Blitz April 18 Early 2023"]
[White "Kohler, Aran"]
[Black "Mazurkiewicz, Michal"]
[WhiteFideId "1002856"]
[BlackFideId "1124943"]
[WhiteElo "2247"]
[BlackElo "2054"]
[Result "0-1"]
[Round "05"]
[TimeControl "180+2"]
[Date "2023.04.18"]
[WhiteClock "0:00:09"]
[BlackClock "0:00:14"]

1. d4 Nf6 2. Nf3 g6 3. Bg5 Bg7 4. Nbd2 d5 5. e3 O-O 6. Bd3 c6 7. c3 Nbd7 8. h4 h6 9. h5 hxg5 10. hxg6 Ne4 11. gxf7+ Rxf7 12. Bxe4 dxe4 13. Nxg5 Nf6 14. Nxf7 Kxf7 15. Qc2 Bf5 16. O-O-O Bg6 17. Kb1 b5 18. Ka1 Qd5 19. Nb3 a5 20. Nc5 a4 21. Rhf1 Kg8 22. a3 Bf7 23. Kb1 Ng4 24. Kc1 Bg6 25. Qe2 Nf6 26. f3 exf3 27. gxf3 Qa2 28. Nd3 Nd5 29. Kd2 c5 30. Rg1 Nxc3 31. Rxg6 Nxe2 32. Kxe2 Kf7 33. Rdg1 Rg8 34. dxc5 Qc4 35. R1g4 Qc2+ 36. Kf1 Qxd3+ 37. Kf2 Qc2+ 38. Kg3 Qxc5 39. R6g5 Be5+ 40. f4 Rxg5 41. Rxg5 Qxe3+ 0-1


[Site "https://www.chess.com"]

[Event "Titled Tuesday Blitz April 18 Early 2023"]
[White "Inepton_Fermion"]
[Black "Fernandez Barrera, Victor"]
[BlackFideId "2261529"]
[WhiteElo "2244"]
[BlackElo "2211"]
[Result "1-0"]
[Round "05"]
[TimeControl "180+2"]
[Date "2023.04.18"]
[WhiteClock "0:00:52"]
[BlackClock "0:01:40"]

1. e4 c5 2. Nf3 Nc6 3. d4 cxd4 4. Nxd4 g6 5. c4 Bg7 6. Be3 Nf6 7. Nc3 Ng4 8. Qxg4 Nxd4 9. Qd1 Ne6 10. Qc2 Qa5 11. Rc1 b6 12. Be2 Bb7 13. f3 O-O 14. O-O Rac8 15. b3 Nd4 16. Qd2 Nxe2+ 17. Nxe2 Qxd2 18. Bxd2 f5 19. exf5 Rxf5 20. Bc3 d5 21. Bxg7 Kxg7 22. Nd4 Re5 23. cxd5 Rxc1 24. Rxc1 Rxd5 25. Rc7 Rxd4 26. Rxe7+ Kh6 27. Rxb7 Rd1+ 28. Kf2 Rd2+ 29. Kg3 Rxa2 30. h4 Ra3 31. Kf4 Rxb3 32. Rxa7 Rb4+ 33. Kg3 b5 34. Rb7 Rb1 35. Kh3 Rh1+ 36. Kg4 Rb1 37. g3 b4 38. Kf4 Rc1 39. g4 Rc4+ 40. Kg3 g5 41. Rb6+ Kg7 42. hxg5 Rd4 43. f4 Rd3+ 44. Kh4 b3 45. f5 Rc3 46. Rb7+ Kg8 47. g6 hxg6 48. f6 b2 49. Kg5 Rc4 50. Rxb2 Kf7 51. Rb7+ Kf8 52. Rg7 Rc5+ 53. Kxg6 Rc4 54. g5 Rh4 55. Rf7+ Kg8 56. Ra7 Rh6+ 57. gxh6 1-0


[Site "https://www.chess.com"]

[Event "Titled Tuesday Blitz April 18 Early 2023"]
[White "Fernandez Hernandez, Gerardo"]
[Black "Kozelov, Roman"]
[WhiteFideId "2207400"]
[BlackFideId "14133377"]
[WhiteElo "2191"]
[BlackElo "2149"]
[Result "0-1"]
[Round "05"]
[TimeControl "180+2"]
[Date "2023.04.18"]
[WhiteClock "0:00:01"]
[BlackClock "0:01:22"]

1. e4 e6 2. d3 d5 3. Nd2 dxe4 4. dxe4 b6 5. Ngf3 Bb7 6. c3 Nf6 7. Qc2 Bc5 8. Be2 O-O 9. O-O Nc6 10. Re1 Ng4 11. Rf1 a5 12. h3 Nge5 13. Re1 a4 14. Bb5 Qf6 15. Bxa4 Qg6 16. b4 Bd6 17. Bb3 Rfd8 18. a4 Nd3 19. Rf1 Nf4 20. Nh4 Nxh3+ 21. Kh1 Qh5 22. Ndf3 Ne5 23. g3 Nxf3 24. Nxf3 Qxf3+ 25. Kh2 Bxe4 26. Rg1 Bxc2 0-1


[Site "https://www.chess.com"]

[Event "Titled Tuesday Blitz April 18 Early 2023"]
[White "Avazkhonov, Alikhon"]
[Black "Aanna12"]
[WhiteFideId "14208504"]
[WhiteElo "1739"]
[BlackElo "2188"]
[Result "1-0"]
[Round "05"]
[TimeControl "180+2"]
[Date "2023.04.18"]
[WhiteClock "0:00:06"]
[BlackClock "0:00:05"]

1. d4 Nf6 2. c4 c5 3. d5 b5 4. cxb5 a6 5. e3 d6 6. Nc3 g6 7. Nf3 Bg7 8. bxa6 Bxa6 9. Bxa6 Nxa6 10. O-O O-O 11. Nd2 Qa5 12. Nc4 Qb4 13. Qd3 Nc7 14. Rb1 Rfb8 15. b3 Nb5 16. Bb2 Nxc3 17. Bxc3 Qb7 18. Rfd1 Rxa2 19. b4 cxb4 20. Rxb4 Qc7 21. Rxb8+ Qxb8 22. Rb1 Qc7 23. h3 h5 24. Qd4 Ra4 25. Bb4 Nd7 26. Qd1 Ra8 27. Qb3 Rc8 28. Nd2 Qc2 29. Qxc2 Rxc2 30. Nf3 Nc5 31. Bxc5 Rxc5 32. Rb7 Bf6 33. e4 Rc4 34. Nd2 Rd4 35. Rb2 Kg7 36. Rc2 Rd3 37. Kf1 Rc3 38. Rxc3 Bxc3 39. Nf3 Kf6 40. Ke2 Be5 41. Ke3 e6 42. g4 hxg4 43. hxg4 exd5 44. exd5 Bb2 45. Ke4 Ba1 46. g5+ Ke7 47. Nd2 Bb2 48. f4 Bc1 49. Nc4 1-0


[Site "https://www.chess.com"]

[Event "Titled Tuesday Blitz April 18 Early 2023"]
[White "Corredor Castellanos, Camilo"]
[Black "Thiel, Thomas"]
[WhiteFideId "4425871"]
[BlackFideId "4615964"]
[WhiteElo "1994"]
[BlackElo "2168"]
[Result "1-0"]
[Round "05"]
[TimeControl "180+2"]
[Date "2023.04.18"]
[WhiteClock "0:01:47"]
[BlackClock "0:02:18"]

1. e4 d5 2. exd5 Nf6 3. d4 Nxd5 4. c4 Nb6 5. Nc3 e5 6. dxe5 Qxd1+ 7. Nxd1 Nc6 8. f4 Be6 9. Nf3 O-O-O 10. Be2 Bb4+ 11. Bd2 Nd4 12. Bxb4 Nc2+ 13. Kf2 Nxa1 14. Ne3 1-0


[Site "https://www.chess.com"]

[Event "Titled Tuesday Blitz April 18 Early 2023"]
[White "ryutherunner"]
[Black "Ng, Gary"]
[BlackFideId "2604914"]
[WhiteElo "2119"]
[BlackElo "2304"]
[Result "0-1"]
[Round "05"]
[TimeControl "180+2"]
[Date "2023.04.18"]
[WhiteClock "0:00:25"]
[BlackClock "0:00:34"]

1. d4 Nf6 2. c4 e6 3. Nf3 b6 4. Nc3 Bb4 5. Qc2 Bb7 6. a3 Bxc3+ 7. Qxc3 O-O 8. e3 Ne4 9. Qc2 f5 10. Bd3 d6 11. Bd2 Nd7 12. b4 Ndf6 13. h3 Qe7 14. Bxe4 Nxe4 15. Bc3 a5 16. b5 Rac8 17. a4 c6 18. Qb3 Nxc3 19. Qxc3 cxb5 20. axb5 d5 21. Ne5 dxc4 22. O-O Qb4 23. Qxb4 axb4 24. Nd7 b3 25. Nxb6 Be4 26. Na4 c3 27. Nc5 b2 28. Ra3 c2 29. b6 b1=Q 30. b7 Qxf1+ 31. Kxf1 c1=Q+ 32. Ke2 Qxa3 33. bxc8=Q Rxc8 34. Nxe4 fxe4 35. f3 Rc2+ 36. Kd1 Qc1# 0-1


[Site "https://www.chess.com"]